 Dungeon Crawl Stone Soup version 0.26-a0-812-g31a745ddcd (webtiles) character file.

Game seed: 17430494882965459368

42155 Fjolswid the Severer (level 13, -16/122 HPs)
             Began as a Minotaur Berserker on Dec 6, 2020.
             Was the Champion of Trog.
             Killed from afar by Azrael (26 damage)
             ... with damnation
             ... on level 15 of the Dungeon.
             The game lasted 01:17:54 (16395 turns).

Fjolswid the Severer (Minotaur Berserker)          Turns: 16395, Time: 01:17:55

Health: -16/122    AC: 26    Str: 33    XL:     13   Next: 83%
Magic:  12/12      EV: 14    Int:  5    God:    Trog [******]
Gold:   697        SH:  0    Dex: 17    Spells: 12/12 levels left

rFire    + . .     SeeInvis .   e - +5 battleaxe "Samyen" {freeze, Str+8}
rCold    . . .     Faith    +   (shield currently unavailable)
rNeg     . . .     Spirit   .   O - +3 chain mail {rF+}
rPois    +         Reflect  .   (helmet restricted)
rElec    .         Harm     .   v - +2 cloak {rPois}
rCorr    .         Rampage  .   E - +1 pair of gloves
MR       .....     Clarity  +   g - +1 pair of boots
Stlth    ..........             A - amulet of faith
HPRegen  0.30/turn              s - +6 ring of dexterity
MPRegen  0.13/turn              t - +4 ring of slaying

@: no status effects
A: retaliatory headbutt, beak, horns 2, iridescent scales 1, blurry vision 1,
clarity
a: Berserk, Trog's Hand, Brothers in Arms, Renounce Religion


You were on level 15 of the Dungeon.
You worshipped Trog.
Trog was exalted by your worship.
You visited 1 branch of the dungeon, and saw 15 of its levels.
You also visited: Gauntlet.

You collected 927 gold pieces.
You spent 230 gold pieces at shops.

Inventory:

Hand Weapons
 e - the +5 battleaxe "Samyen" (weapon) {freeze, Str+8}
   (You acquired it on level 6 of the Dungeon)

   It has been specially enchanted to freeze those struck by it, causing extra
   injury to most foes and up to half again as much damage against particularly
   susceptible opponents.
   It can also slow down cold-blooded creatures.
   It affects your strength (+8).
 r - the +9 short sword of the Egg {venom, rF+}
   (You found it on level 5 of the Dungeon)

   It poisons the flesh of those it strikes.
   It protects you from fire.
 u - a +3 vorpal war axe
 J - a +4 vorpal executioner's axe
 X - a +3 battleaxe of flaming
Missiles
 j - 52 poisoned darts (quivered)
 n - 20 boomerangs
Armour
 b - the +2 kite shield of Ixiz {rCorr Dex+4}
   (You found it on level 13 of the Dungeon)

   It affects your dexterity (+4).
   It provides partial protection from all sources of acid and corrosion.
 f - the +4 leather armour of Wu Jian's Pride {+Blink +Fly rPois rC-}
   (You took it off an orc on level 13 of the Dungeon)

   It makes you vulnerable to cold.
   It protects you from poison.
   It lets you fly.
   It lets you blink.
 g - a +1 pair of boots (worn)
 v - a +2 cloak of poison resistance (worn)
 E - a +1 pair of gloves (worn)
 O - a +3 chain mail of fire resistance (worn)
 S - a +0 tower shield
Jewellery
 d - an uncursed ring of protection from cold
 i - an uncursed ring of positive energy
 o - an uncursed ring of fire
 s - a +6 ring of dexterity (left hand)
 t - a +4 ring of slaying (right hand)
 A - an amulet of faith (around neck)
 D - an uncursed ring of poison resistance
 V - an uncursed ring of fire
 Z - an uncursed ring of magical power
Wands
 a - a wand of paralysis (7)
 k - a wand of enslavement (6)
 y - a wand of acid (7)
 N - a wand of polymorph (10)
 T - a wand of random effects (17)
Scrolls
 h - 12 scrolls of remove curse
 p - 9 scrolls of teleportation
 q - 6 scrolls of fear
 w - a scroll of amnesia
 x - 2 scrolls of vulnerability
 B - 3 scrolls of immolation
 I - 3 scrolls of enchant armour
 L - 2 scrolls of noise
 R - a scroll of blinking
 U - a scroll of magic mapping
 Y - 2 scrolls of fog
Potions
 c - 3 potions of flight
 l - 7 potions of mutation
 m - 2 potions of curing
 z - 3 potions of attraction
 C - 2 potions of might
 F - 2 potions of lignification
 G - a potion of invisibility
 H - a potion of resistance
 K - 2 potions of cancellation
 M - 10 potions of ambrosia
 W - 2 potions of brilliance
Miscellaneous
 P - a lightning rod (4/4)
 Q - a tin of tremorstones (2/2)


   Skills:
 + Level 13.1 Fighting
 + Level 1.8 Short Blades
 + Level 19.1 Axes
 + Level 1.1 Throwing
 + Level 12.8 Armour
 + Level 7.1 Dodging
 + Level 3.8 Stealth


You had 12 spell levels left.
You didn't know any spells.
Your spell library contained the following spells:

 Spells                   Type           Power        Failure   Level
 Animate Skeleton         Necr           #.....       86%         1
 Apportation              Tloc           #.....       86%         1
 Corona                   Hex            #......      86%         1
 Sting                    Tmut/Pois      #...         86%         1
 Summon Small Mammal      Summ           #...         86%         1
 Poisonous Vapours        Pois/Air       #.....       94%         2
 Sublimation of Blood     Necr           #.........   94%         2
 Ignite Poison            Fire/Tmut/Pois #.......     99%         3
 Mephitic Cloud           Conj/Pois/Air  #.......     99%         3
 Static Discharge         Conj/Air       #.......     99%         3
 Cause Fear               Hex            #.........   100%        4
 Olgreb's Toxic Radiance  Pois           #.......     100%        4
 Petrify                  Tmut/Erth      #.......     100%        4
 Alistair's Intoxication  Tmut/Pois      #........    100%        5
 Irradiate                Conj/Tmut      #.........   100%        5
 Lightning Bolt           Conj/Air       #.........   100%        5
 Silence                  Hex/Air        #.........   100%        5
 Yara's Violent Unravell  Hex/Tmut       #.........   100%        5
 Eringya's Noxious Bog    Tmut/Pois      #.........   100%        6
 Discord                  Hex            #.........   100%        8
 Ignition                 Fire           #.........   100%        8
 Shatter                  Erth           #.........   100%        9
 Tornado                  Air            #.........   100%        9


Dungeon Overview and Level Annotations

Branches:
Dungeon (15/15)            Temple (0/1) D:4            Lair (0/6) D:8
    Orc (0/2) D:9          Vaults (0/5) D:13        Gauntlet (visited)
 Depths: D:15

Altars:
Cheibriados
Dithmenos
Fedhas
Wu Jian
Yredelemnul
Zin
The Shining One
Beogh

Shops:
D:9 [   D:13 *   D:15 *

Annotations:
D:8 Maggie
D:15 Azrael


Innate Abilities, Weirdness & Mutations

You reflexively headbutt those who attack you in melee.
You have a pair of horns on your head.
You have a beak for a mouth.
You are partially covered in iridescent scales. (AC +2)
Scrolls take you a little longer to read.
You possess an exceptional clarity of mind.


Message History

You closely miss the hell hound. You headbutt the hell hound.
Your peck misses the hell hound.
The hell hound is lightly wounded.
The hell hound bites you!
* * * LOW HITPOINT WARNING * * *
Azrael gestures at you.
The fireball explodes!
The fireball engulfs the hell hound.
The hell hound completely resists.
The fireball engulfs you! You resist.
* * * LOW HITPOINT WARNING * * *
The hell hound misses you. You furiously retaliate!
You headbutt the hell hound!!
You feel better. The hell hound barely misses you. You furiously retaliate!
You headbutt the hell hound!
You kill the hell hound!
Trog accepts your kill. The hell hound misses you.
You see here a robe.
Azrael gestures at you.
The sphere of damnation explodes!
The damnation engulfs you!!
You die...

#..#......# #..#..§§§##....
##.°.....[.##..###§.§§###...
##..○...........# #8§§§.##∩..
#....○..........# #.§##..#..#
#...°####..##...##§.# #...##
#....☼###.#^..#..§§. ##....#
#.....○#####...##....##.....#
##.###.○☼R.[#.## #.......[..
### ###..#h@.#####.##.##....
######.#........#####.
##..######.##....
##.#....#(####..
##.#....#..##...
#..#....#......#
#..#....#.##..##
#..#....#....##
#..###'##..#..#


You could see Azrael and a hell hound.

Vanquished Creatures
  3 hydras (D:14)
  A death knight (D:15)
  A boulder beetle (D:15)
  3 centaur warriors
  4 two-headed ogres (D:13)
  2 ogre magi
  7 skeletal warriors
  2 unseen horrors
  Pikel (D:8)
  2 orc knights
  3 deep elf magi
  2 ugly things
  A wolf spider zombie (D:12)
  2 cyclopes
  A gargoyle (D:13)
  3 rime drakes (D:14)
  4 kobold demonologists
  6 centaur skeletons
  A freezing wraith (D:15)
  A rime drake (shapeshifter) (D:14)
  2 efreet (D:15)
  A queen bee (D:11)
  A troll (D:8)
  A meliai (D:10)
  13 slime creatures
  Prince Ribbit (D:5)
  A harpy skeleton (D:15)
  5 wyverns
  7 wraiths
  A shadow (D:11)
  Grum (D:8)
  4 basilisks (D:14)
  5 yaks (D:14)
  4 hell hounds
  3 water moccasins
  3 eyes of draining
  6 sky beasts
  A hornet zombie (D:14)
  2 ice beasts (D:13)
  14 orc warriors
  A black bear (D:12)
  5 wolves (D:8)
  A phantom (D:8)
  6 ogres
  11 centaurs
  4 big kobolds
  9 bullfrogs
  A wyvern zombie (D:10)
  2 wyvern skeletons
  41 killer bees
  12 wights
  2 electric eels
  3 howler monkeys
  A bullfrog zombie (D:6)
  3 centaur zombies
  5 jellies
  13 hounds
  9 orc priests
  A gnoll shaman (D:7)
  8 orc wizards
  3 iguanas
  9 hell rats (D:14)
  17 worker ants
  A hound zombie (D:10)
  A hound skeleton (D:9)
  2 howler monkey skeletons
  A howler monkey zombie (D:6)
  2 worker ant zombies
  12 gnolls
  13 adders
  3 shadow imps
  3 ufetubi
  2 adder skeletons
  3 worms
  A dart slug (D:1)
  5 leopard geckos
  50 orcs
  7 giant cockroaches
  4 hobgoblins
  8 kobolds
  4 quokkas
  5 bats (D:1)
  3 frilled lizards
  A giant cockroach zombie (D:6)
  6 goblins
  2 jackal skeletons
  5 rats
437 creatures vanquished.

Vanquished Creatures (collateral kills)
  An orc knight (D:10)
  A yaktaur (D:10)
  An ogre (D:10)
3 creatures vanquished.

Vanquished Creatures (others)
  An orc (D:14)
  3 demonic plants (Gauntlet)
  10 plants
  4 withered plants (Gauntlet)
18 creatures vanquished.

Grand Total: 458 creatures vanquished

Notes
Turn   | Place    | Note
-------+----------+-------------------------------------------
     0 | D:1      | Fjolswid the Minotaur Berserker began the quest for the
                  | Orb.
     0 | D:1      | Reached XP level 1. HP: 19/19 MP: 0/0
   500 | D:1      | Reached skill level 4 in Axes
   507 | D:1      | Reached XP level 2. HP: 27/27 MP: 1/1
   568 | D:1      | Lost intelligence.
   576 | D:1      | Gained mutation: Scrolls take you a little longer to read.
                  | [potion of mutation]
   576 | D:1      | Lost mutation: Scrolls take you a little longer to read.
                  | [potion of mutation]
  2041 | D:2      | Reached XP level 3. HP: 26/33 MP: 2/2
  2576 | D:3      | Found a glowing silver altar of Zin.
  3600 | D:4      | Found a shadowy altar of Dithmenos.
  3675 | D:4      | Reached XP level 4. HP: 19/40 MP: 3/3
  3960 | D:4      | Noticed an ogre
  3967 | D:4      | Killed an ogre
  3967 | D:4      | Reached XP level 5. HP: 23/46 MP: 4/4
  4165 | D:4      | Found a snail-covered altar of Cheibriados.
  4165 | D:4      | Found an ornate altar of the Wu Jian Council.
  4253 | D:4      | Found a staircase to the Ecumenical Temple.
  4274 | D:4      | Reached skill level 5 in Armour
  4325 | D:4      | Reached skill level 5 in Axes
  4325 | D:4      | Reached XP level 6. HP: 49/53 MP: 5/5
  4514 | D:4      | Noticed a sky beast
  4523 | D:4      | Killed a sky beast
  4729 | D:5      | Entered Level 5 of the Dungeon
  4750 | D:5      | Found a basalt altar of Yredelemnul.
  4993 | D:5      | Gained mutation: You are partially covered in iridescent
                  | scales. (AC +2) [potion of mutation]
  4993 | D:5      | Gained mutation: You possess an exceptional clarity of
                  | mind. [potion of mutation]
  4993 | D:5      | Gained mutation: Scrolls take you a little longer to read.
                  | [potion of mutation]
  4993 | D:5      | Gained mutation: You have a beak for a mouth. [potion of
                  | mutation]
  5071 | D:5      | Got an ancient short sword
  5076 | D:5      | Identified the +9 short sword of the Egg {venom, rF+} (You
                  | found it on level 5 of the Dungeon)
  5166 | D:5      | Noticed Prince Ribbit
  5173 | D:5      | Killed Prince Ribbit
  5173 | D:5      | Reached skill level 5 in Fighting
  5173 | D:5      | Reached skill level 6 in Axes
  5173 | D:5      | Reached XP level 7. HP: 46/61 MP: 6/6
  5206 | D:5      | Reached ** piety under Trog
  5681 | D:6      | Found a glowing golden altar of the Shining One.
  5873 | D:6      | Reached skill level 7 in Axes
  6251 | D:6      | Reached XP level 8. HP: 62/70 MP: 7/7
  6273 | D:6      | Got an ancient leather armour
  6284 | D:6      | Identified the +1 leather armour of Yhat Naq {rN+ Regen+
                  | Int+2} (You found it on level 6 of the Dungeon)
  6390 | D:6      | Identified a scroll of acquirement
  6392 | D:6      | Acquired the +5 battleaxe "Samyen" {freeze, Str+8}
  6570 | D:6      | Reached skill level 1 in Stealth
  6656 | D:7      | Reached skill level 8 in Axes
  6680 | D:7      | Reached skill level 1 in Short Blades
  6784 | D:7      | Reached *** piety under Trog
  6802 | D:7      | Reached skill level 9 in Axes
  6917 | D:7      | Reached XP level 9. HP: 76/78 MP: 8/8
  7418 | D:8      | Noticed Grum
  7422 | D:8      | Found a staircase to the Lair.
  7430 | D:8      | Reached skill level 10 in Axes
  7452 | D:8      | Reached **** piety under Trog
  7453 | D:8      | Noticed a troll
  7463 | D:8      | Killed a troll
  7463 | D:8      | Reached skill level 5 in Dodging
  7463 | D:8      | Noticed Pikel
  7472 | D:8      | Killed Pikel
  7472 | D:8      | Reached skill level 11 in Axes
  7847 | D:8      | Reached XP level 10. HP: 86/86 MP: 9/9
  8160 | D:8      | Reached skill level 12 in Axes
  8347 | D:8      | Killed Grum
  8452 | D:8      | Noticed Maggie
  8461 | D:8      | Found a blossoming altar of Fedhas.
  9342 | D:9      | Found a roughly hewn altar of Beogh.
  9342 | D:9      | Found a staircase to the Orcish Mines.
  9349 | D:9      | Reached ***** piety under Trog
  9533 | D:9      | Found Ywatat's Antique Armour Emporium.
  9540 | D:9      | Bought a runed cloak for 202 gold pieces
  9641 | D:10     | Entered Level 10 of the Dungeon
  9660 | D:10     | Reached skill level 13 in Axes
  9685 | D:10     | Noticed an ogre mage
  9690 | D:10     | Noticed a cyan ugly thing
  9723 | D:9      | Killed a cyan ugly thing
 10005 | D:10     | Killed an ogre mage
 10006 | D:10     | Noticed an orc knight
 10082 | D:10     | Killed an orc knight
 10086 | D:10     | Reached XP level 11. HP: 55/97 MP: 10/10
 10422 | D:10     | Reached skill level 14 in Axes
 10997 | D:11     | Noticed a skeletal warrior
 10998 | D:11     | Noticed a skeletal warrior
 11017 | D:11     | Killed a skeletal warrior
 11023 | D:11     | Killed a skeletal warrior
 11359 | D:11     | Noticed a skeletal warrior
 11364 | D:11     | Noticed a skeletal warrior
 11369 | D:11     | Killed a skeletal warrior
 11371 | D:11     | Noticed a skeletal warrior
 11374 | D:11     | Killed a skeletal warrior
 11379 | D:11     | Received a gift from Trog
 11386 | D:11     | Killed a skeletal warrior
 11386 | D:11     | Reached skill level 10 in Fighting
 11386 | D:11     | Reached skill level 15 in Axes
 11580 | D:11     | Reached skill level 10 in Armour
 12750 | D:12     | Noticed a deep elf mage
 12763 | D:12     | Killed a deep elf mage
 12920 | D:12     | Reached XP level 12. HP: 107/107 MP: 11/11
 12974 | D:12     | Received a gift from Trog
 13303 | D:12     | Reached skill level 16 in Axes
 13834 | D:13     | Noticed a centaur warrior
 13844 | D:13     | Killed a centaur warrior
 13862 | D:13     | Got a glimmering kite shield
 13986 | D:13     | Noticed a two-headed ogre
 13998 | D:13     | Killed a two-headed ogre
 14010 | D:13     | Identified the +4 leather armour of Wu Jian's Pride {+Blink
                  | +Fly rPois rC-}
 14017 | D:13     | Reached skill level 17 in Axes
 14027 | D:13     | Noticed a two-headed ogre
 14039 | D:13     | Killed a two-headed ogre
 14132 | D:13     | Noticed an ogre mage
 14133 | D:13     | Noticed a two-headed ogre
 14143 | D:13     | Killed an ogre mage
 14144 | D:13     | Killed a two-headed ogre
 14144 | D:13     | Reached skill level 1 in Throwing
 14215 | D:13     | Found a gate to the Vaults.
 14281 | D:13     | Found Leilab's Luxury Loot.
 14502 | D:13     | Noticed a centaur warrior
 14515 | D:13     | Killed a centaur warrior
 14668 | D:13     | Noticed a two-headed ogre
 14672 | D:13     | Killed a two-headed ogre
 14672 | D:13     | Reached XP level 13. HP: 89/117 MP: 12/12
 14777 | D:14     | Found a shadowy altar of Dithmenos.
 14802 | D:14     | Found a gate leading to a gauntlet.
 14812 | Gauntlet | Entered a Gauntlet
 14812 | Gauntlet | Found a transporter.
 14812 | Gauntlet | Found a transporter.
 14868 | D:14     | Reached skill level 18 in Axes
 14869 | D:14     | Received a gift from Trog
 15690 | D:15     | Entered Level 15 of the Dungeon
 15777 | D:15     | Reached ****** piety under Trog
 16191 | D:15     | Found Sazy's General Store.
 16203 | D:15     | Received a gift from Trog
 16203 | D:15     | Reached skill level 19 in Axes
 16233 | D:15     | Bought a scroll of identify for 28 gold pieces
 16250 | D:15     | Identified the +2 kite shield of Ixiz {rCorr Dex+4} (You
                  | found it on level 13 of the Dungeon)
 16367 | D:15     | Noticed Azrael
 16391 | D:15     | HP: 3/122 [Azrael/fireball (17)]
 16395 | D:15     | Killed from afar by Azrael

Illustrated notes

Levels and vault maps discovered:
D:1:      sevenhm_arrival_forest_fort_small_3, layout_loops_ring,
          hangedman_abyss_or_decor_lesser_grid
D:2:      layout_loops_ring
D:3:      layout_rooms, lemuel_crystal_altar
D:4:      minmay_general_purpose_star, layout_gridville,
          overflow_temple_1_default, gammafunk_temple_overflow_elements,
          minmay_temple_entry_from_below_b, serial_forest,
          infiniplex_forest_corner_1, infiniplex_forest_clump_small,
          infiniplex_forest_clump_small, infiniplex_forest_straight_2,
          infiniplex_forest_clump_C, infiniplex_forest_fountain,
          infiniplex_forest_clump_C
D:5:      minmay_bubble_buster, layout_layer_cave,
          nicolae_overflow_crystal_walls, uniq_prince_ribbit1
D:6:      wad_crossroads, layout_basic, basic_altar
D:7:      layout_basic, dk_vineyard_3, grunt_ministairs_14
D:8:      layout_loops_ring, fedhas_altar_1, erik_lair_island,
          minmay_misc_feat_alley, uniq_maggie, uniq_grum, uniq_pikel
D:9:      layout_roguey, david_orc_5, serial_shops, shop
D:10:     minmay_the_grid_square_5x5_3x3 [minmay_the_grid_square_5x5_tri_point,
          minmay_the_grid_square_5x5_hollow_slash,
          minmay_the_grid_square_5x5_shrine1,
          minmay_the_grid_square_5x5_n_small,
          minmay_the_grid_square_5x5_megaprize_checkered,
          minmay_the_grid_square_5x5_moneybag, minmay_the_grid_square_5x5_meh,
          minmay_the_grid_square_5x5_z, minmay_the_grid_square_5x5_inset],
          layout_rooms, kennysheep_generic_room_13
D:11:     layout_basic, special_room [special_room_bee]
D:12:     layout_roguey
D:13:     layout_basic, hangedman_vaults_entry_quadrant_bands,
          nicolae_alphabet_shops
D:14:     layout_roguey [special_room_mythical_zoo], gauntlet_entry_generic,
          chequers_garden, nicolae_dithmenos_the_darkroom
D:15:     hangedman_depths_entry_try_elsewhere_first, layout_layer_cave,
          serial_shops, shop, nicolae_water_bricks, statue_in_the_mist_lemuel,
          nrook_mini_vaults, uniq_azrael

Skill      XL: |  1  2  3  4  5  6  7  8  9 10 11 12 13 |
---------------+----------------------------------------+-----
Axes           | 4 5 6 7 9 11 13 15 17 19 | 19.1
Fighting       | 4 5 6 7 9 10 11 13 | 13.1
Armour         | 3 4 5 6 7 8 9 10 11 12 | 12.8
Dodging        | 3 4 5 6 7 |  7.1
Stealth        | 1 2 3 |  3.8
Short Blades   | 1 |  1.8
Throwing       | 1 |  1.1

Action                   |  1- 3 |  4- 6 |  7- 9 | 10-12 | 13-15 || total
-------------------------+-------+-------+-------+-------+-------++-------
Melee: Hand axe          |    79 |    40 |    28 |       |       ||   147
       Headbutt          |    13 |     8 |    28 |    93 |    38 ||   180
       Short sword       |       |       |    26 |       |       ||    26
       Peck              |       |       |    23 |    70 |    33 ||   126
       Battleaxe         |       |       |    77 |   355 |   135 ||   567
Throw: Stone             |     6 |       |     1 |       |       ||     7
       Dart              |       |       |       |     6 |       ||     6
Invok: Trog's Hand       |       |       |       |     4 |       ||     4
       Brothers in Arms  |       |       |       |     1 |       ||     1
       Berserk           |       |       |       |     2 |     1 ||     3
Evoke: Wand              |       |       |       |       |     2 ||     2
  Use: Potion            |    10 |     1 |       |     5 |     3 ||    19
       Scroll            |       |     9 |     6 |    11 |     4 ||    30
 Stab: Sleeping          |       |       |     1 |       |       ||     1
       Paralysed         |       |       |       |     1 |       ||     1
Armor: Ring mail         |    46 |    13 |    18 |       |       ||    77
       Animal skin       |     4 |       |       |       |       ||     4
       Leather armour    |       |       |    32 |    19 |       ||    51
       Chain mail        |       |       |       |   169 |    65 ||   234
Dodge: Dodged            |    66 |    31 |   109 |   253 |    86 ||   545

Table legend: (Time is in decaauts)
 A = Elapsed time spent in this place.
 B = Non-inter-level travel time spent in this place.
 C = Inter-level travel time spent in this place.
 D = Time resting spent in this place.
 E = Time spent auto-exploring this place.
 F = Levels seen in this place.
 G = Mean time per level.
                   A        B        C        D        E       F      G
               +--------+--------+--------+--------+--------+-----+--------+
         Total |  18129 |  18126 |      3 |   7077 |    122 |  16 | 1133.1 |
       Dungeon |  18119 |  18116 |      3 |   7077 |    122 |  15 | 1207.9 |
      Gauntlet |      9 |      9 |      0 |      0 |      0 |   1 |    9.0 |
               +--------+--------+--------+--------+--------+-----+--------+

Top non-repeatable levels by time:
     D:4: 2312 daAuts
     D:1: 2300 daAuts
    D:11: 1614 daAuts
     D:8: 1381 daAuts
     D:9: 1217 daAuts
     D:2: 1208 daAuts
    D:13: 1144 daAuts
     D:6: 1116 daAuts
    D:10: 1019 daAuts
    D:12: 1017 daAuts
    D:14: 897 daAuts
     D:5: 790 daAuts
     D:7: 785 daAuts
    D:15: 690 daAuts
     D:3: 622 daAuts
